AoeStats
← Chiripa605

Lombardia

508003514Analyzed
4v4 RM · 11d ago on Sep 20, 2026· 43m 11s· 8 players
Game mode
Random Map
Map size
Large (8 player)
Population
200
Speed
Normal
Resources
Standard
Victory
Conquest
Starting age
Dark Age
Ending age
Imperial Age
RankedLock teamsTeams togetherTeam positionsShared explorationLock speedFull tech treeHidden civsTurbo modeCheats
Victory
Defeat
🇺🇸 Hindustanis · United States
1365
+14
🇨🇳 Britons · China
1350
+15
🇵🇪 Turks · Peru
1318
+16
🇺🇸 Vietnamese · United States
1295
+17
🇨🇳 Mongols · China
1417
-19
🇨🇳 Ethiopians · China
1395
-19
🇨🇳 Persians · China
1243
-12
🇹🇼 Magyars · Taiwan
1235
-12
Chiripa605
4:53 Loom
9:52 Feudal Age
10:40 Double-Bit Axe
12:22 Horse Collar
14:38 Bloodlines
14:44 Scale Barding Armor
17:47 Forging
22:11 Castle Age
22:14 Light Cavalry
23:16 Chain Barding Armor
23:17 Bow Saw
24:03 Heavy Plow
25:31 Wheelbarrow
25:06 Husbandry
25:51 Town Watch
28:39 Iron Casting
29:21 Hand Cart
34:34 Imperial Age
32:13 Gold Mining
35:53 Plate Barding Armor
34:58 Heavy Camel Rider
36:36 Gold Shaft Mining
37:13 Stone Mining
37:31 Imperial Camel Rider
41:53 Blast Furnace
43:28 Two-Man Saw
theblademaster
0:26 Loom
7:05 Loom
9:19 Feudal Age
12:20 Double-Bit Axe
14:10 Horse Collar
15:08 Wheelbarrow
15:50 Forging
21:30 Castle Age
20:50 Scale Barding Armor
22:24 Heavy Plow
22:43 Hand Cart
23:35 Bloodlines
23:50 Husbandry
24:58 Chain Barding Armor
31:12 Gold Mining
31:33 Bow Saw
33:58 Imperial Age
32:00 Stone Mining
34:18 Gold Shaft Mining
36:21 Plate Barding Armor
38:58 Two-Man Saw
39:19 Caravan
40:33 Iron Casting
42:59 Fervor
Rett Mikhal
3:32 Loom
12:23 Feudal Age
13:41 Wheelbarrow
12:54 Double-Bit Axe
13:20 Gold Mining
13:16 Horse Collar
15:47 Stone Mining
20:28 Castle Age
19:31 Fletching
19:41 Padded Archer Armor
21:28 Hand Cart
21:28 Bow Saw
21:20 Heavy Plow
23:45 Stone Shaft Mining
24:22 Crossbowman
25:59 Bodkin Arrow
26:15 Elite Skirmisher
28:00 Town Watch
33:16 Imperial Age
31:52 Treadmill Crane
32:32 Leather Archer Armor
32:17 Scale Mail Armor
32:49 Forging
32:45 Scale Barding Armor
32:52 Pikeman
33:33 Squires
34:07 Ballistics
34:26 Paper Money
33:32 Arbalester
33:57 Capped Ram
34:49 Bracer
35:42 Caravan
37:39 Two-Man Saw
37:13 Crop Rotation
37:00 Husbandry
37:10 Bloodlines
38:38 Thumb Ring
38:49 Thumb Ring
39:34 Imperial Skirmisher
41:30 Town Patrol
41:33 Chatras
42:10 Hoardings
42:14 Iron Casting
42:47 Chemistry
41:53 Siege Engineers
老头
11:40 Feudal Age
16:20 Castle Age
14:16 Stone Mining
14:50 Double-Bit Axe
15:14 Horse Collar
17:17 Gold Mining
21:14 Loom
23:24 Wheelbarrow
24:06 Caravan
25:12 Hand Cart
26:33 Gold Shaft Mining
26:02 Fletching
27:16 Padded Archer Armor
31:44 Imperial Age
30:20 Ballistics
30:30 Bodkin Arrow
32:20 Yeomen
32:38 Bow Saw
32:15 Elite Longbowman
32:58 Bracer
34:57 Chemistry
34:57 Town Watch
35:31 Leather Archer Armor
35:54 Pikeman
36:34 Squires
36:20 Gambesons
36:21 Arson
38:25 Halberdier
40:31 Ring Archer Armor
40:02 Scale Mail Armor
40:12 Forging
41:30 Yeomen
Les Choristes
6:57 Loom
9:05 Feudal Age
10:52 Double-Bit Axe
14:52 Fletching
16:33 Horse Collar
20:36 Wheelbarrow
24:45 Castle Age
23:20 Padded Archer Armor
23:52 Gold Mining
25:23 Bodkin Arrow
25:44 Leather Archer Armor
25:37 Thumb Ring
27:23 Bow Saw
26:58 Crossbowman
30:23 Stone Mining
31:18 Ballistics
34:00 Heavy Plow
37:57 Imperial Age
39:08 Bracer
39:38 Ring Archer Armor
40:11 Chemistry
40:10 Gold Shaft Mining
39:56 Hand Cart
39:15 Arbalester
40:09 Elite Skirmisher
Kuo
2:00 Loom
12:34 Feudal Age
13:46 Horse Collar
13:54 Double-Bit Axe
22:06 Castle Age
20:33 Gold Mining
21:42 Scale Barding Armor
25:54 Heavy Plow
30:18 Chain Barding Armor
30:30 Town Watch
31:20 Wheelbarrow
32:47 Husbandry
37:38 Imperial Age
36:10 Fletching
36:21 Padded Archer Armor
37:10 Bow Saw
37:36 Gold Shaft Mining
37:25 Bloodlines
37:45 Cavalier
39:01 Plate Barding Armor
38:45 Hand Cart
39:01 Crop Rotation
39:32 Two-Man Saw
39:32 Paladin
41:21 Two-Man Saw
DancingSword
10:14 Feudal Age
15:08 Castle Age
13:22 Double-Bit Axe
13:17 Horse Collar
16:37 Loom
21:04 Wheelbarrow
23:00 Bow Saw
23:59 Heavy Plow
24:28 Gold Mining
26:27 Scale Barding Armor
26:33 Forging
26:13 Town Watch
33:12 Imperial Age
30:50 Stone Mining
31:25 Chain Barding Armor
31:49 Hand Cart
32:27 Gold Shaft Mining
31:59 Husbandry
32:09 Bloodlines
33:14 Cavalier
34:39 Iron Casting
34:39 Crop Rotation
35:10 Two-Man Saw
36:13 Plate Barding Armor
36:12 Conscription
35:37 Light Cavalry
36:21 Heavy Camel Rider
38:53 Blast Furnace
39:09 Savar
543880365
8:02 Loom
8:09 Loom
10:48 Feudal Age
14:58 Castle Age
14:10 Double-Bit Axe
14:38 Horse Collar
16:04 Bow Saw
23:21 Gold Mining
23:21 Stone Mining
24:56 Wheelbarrow
24:42 Stone Mining
25:21 Caravan
27:09 Heavy Plow
27:27 Hand Cart
29:19 Fletching
31:16 Town Watch
34:50 Imperial Age
32:57 Bodkin Arrow
33:03 Padded Archer Armor
34:52 Elite Mangudai
35:53 Conscription
35:36 Bracer
35:51 Leather Archer Armor
36:39 Chemistry
36:00 Ballistics
35:48 Thumb Ring
37:16 Parthian Tactics
36:55 Husbandry
37:05 Bloodlines
38:04 Ballistics
37:57 Masonry
37:58 Fortified Wall
37:44 Murder Holes
Connection lost

Rejoining the realm…

Still unreachable

The connection could not be restored.

Session expired

The server has moved on; the page needs a fresh start.